 Dungeon Crawl Stone Soup version 0.30-a0-799-g109b55a442 (webtiles) character file.

Game seed: 4561123019594210490

1829 KennySheep the Shield-Bearer (level 9, -15/69 HPs)
             Began as a Formicid Fighter on Feb 19, 2023.
             Was a Priest of Okawaru.
             Killed from afar by an acid dragon (26 damage)
             ... with a splash of acid
             ... on level 7 of the Dungeon on Feb 20, 2023.
             The game lasted 00:13:28 (5847 turns).

KennySheep the Shield-Bearer (Formicid Fighter)     Turns: 5847, Time: 00:13:28

Health: -15/69     AC:  5    Str: 26    XL:     9   Next: 32%
Magic:  11/12      EV: 12    Int:  7    God:    Okawaru [***...]
Gold:   146        SH:  7    Dex: 13    Spells: 8/8 levels left

rFire   . . .      SeeInvis +    a - +0 war axe
rCold   + . .      Faith    .    c - +0 buckler
rNeg    . . .      Spirit   .    H - +0 scale mail
rPois   +          Reflect  .    (helmet unavailable)
rElec   .          Harm     .    C - +0 cloak
rCorr   .          Rampage  .    l - +0 pair of gloves
Will    .....                    E - +0 pair of boots
Stlth   +                        (no amulet)
HPRegen 0.31/turn                f - ring of protection from cold
MPRegen 0.13/turn                x - ring of poison resistance

@: heroic, corroded
A: permanent stasis, dig shafts and tunnels, antennae 3, four strong arms
a: Dig, Shaft Self, Renounce Religion, Heroism


You were on level 7 of the Dungeon.
You worshipped Okawaru.
Okawaru was most pleased with you.
You visited 1 branch of the dungeon, and saw 7 of its levels.
You also visited: Ossuary.

You collected 378 gold pieces.
You spent 232 gold pieces at shops.

Inventory:

Hand Weapons
 a - a +0 war axe (weapon)
 b - a +0 hand axe of flaming
 D - a +1 heavy hand axe
 K - the +4 mace of Doom {antimagic, rPois rC+ Str+3}
   (You bought it in a shop on level 7 of the Dungeon)

   Str:       It affects your strength (+3).
   rC:        It protects you from cold.
   rPois:     It protects you from poison.
Armour
 c - a +0 buckler (worn)
 l - a +0 pair of gloves (worn)
 C - a +0 cloak (worn)
 E - a +0 pair of boots (worn)
 H - a +0 scale mail (worn)
Jewellery
 f - a ring of protection from cold (left hand)
 s - a ring of ice
 t - a ring of ice
 x - a ring of poison resistance (right hand)
Wands
 G - a wand of acid (12)
Scrolls
 h - 2 scrolls of blinking
 p - 2 scrolls of teleportation
 q - a scroll of immolation
 u - 2 scrolls of magic mapping
 v - 3 scrolls of enchant weapon
 y - a scroll of poison
 z - 2 scrolls of vulnerability
 A - 2 scrolls of acquirement {unknown}
 B - 5 scrolls of identify
 F - a scroll of silence {unknown}
 I - a scroll of fear
Potions
 d - 5 potions of might
 e - a potion of experience {unknown}
 g - 4 potions of curing
 i - a potion of lignification {unknown}
 j - 3 potions of magic {unknown}
 k - a potion of ambrosia {unknown}
 m - a potion of cancellation {unknown}
 n - a potion of brilliance
 o - a potion of attraction
 r - a potion of haste {unknown}
 w - 4 potions of heal wounds {unknown}
 J - a potion of resistance {unknown}


   Skills:
 + Level 6.0(11.0) Fighting
 * Level 7.0(12.0) Axes
 + Level 6.1(11.1) Armour
 + Level 7.3(12.3) Shields
 + Level 5.2 Invocations


You had 8 spell levels left.
You didn't know any spells.
Your spell library contained the following spells:

 Spells                   Type           Power      Damage    Failure   Level
 Ozocubu's Armour         Ice            0%         N/A       97%         3
 Blade Hands              Tmut           0%         N/A       100%        5
 Iron Shot                Conj/Erth      0%         9d1       100%        6
 Ozocubu's Refrigeration  Ice            0%         4d7       100%        7
 Animate Armour           Summ/Erth      Unusable   N/A       N/A         4

Dungeon Overview and Level Annotations

Branches:
Dungeon (7/15)             Temple (0/1) D:7         Ossuary (visited)

Altars:
Hepliaklqana
Nemelex Xobeh
Okawaru
Sif Muna
Xom

Shops:
D:7 :((


Innate Abilities, Weirdness & Mutations

You cannot be hasted, slowed, berserked, paralysed or teleported.
You can dig through walls and to a lower floor.
You have a pair of large antennae on your head. (SInv)
Your four strong arms can wield two-handed weapons with a shield.


Message History

You block the bullfrog's attack.
The bullfrog hits you but does no damage.
You hit the bullfrog but do no damage.
The bullfrog is heavily wounded.
The bullfrog barely misses you.
You gain the combat prowess of a mighty hero.
The bullfrog barely misses you. The bullfrog closely misses you.
You slash the bullfrog!
You kill the bullfrog!
Okawaru accepts your kill. The acid dragon spits acid at you.
The splash of acid hits you!! The acid corrodes you!
Your base Axes skill increases to level 7!
The acid dragon barely misses you. x2
You see here a bullfrog corpse.
You closely miss the acid dragon. The acid dragon barely misses you. x2
You hit the acid dragon.
The acid dragon is moderately wounded.
The acid dragon spits acid at you. The splash of acid misses you.
You barely miss the acid dragon.
The acid dragon is moderately wounded.
The acid dragon bites you!
* * * LOW HITPOINT WARNING * * *
The acid dragon claws you but does no damage.
You hit the acid dragon.
The acid dragon is heavily wounded.
You block the acid dragon's attack. The acid dragon completely misses you.
You hit the acid dragon but do no damage.
The acid dragon is heavily wounded.
The acid dragon bites you.
* * * LOW HITPOINT WARNING * * *
The acid dragon closely misses you.
You hit the acid dragon but do no damage.
The acid dragon is heavily wounded.
You closely miss the acid dragon.
The acid dragon is heavily wounded.
The acid dragon spits acid at you. The splash of acid hits you!!
You die...

. ...#### #.D..#### #D...#
##.##@##.## #.........####
#..........)...#
##.#..⌠...⌠..##.# .
#.........##.# # .#
......>.......####### .##
.####.........#......... {
#.#..# #..⌠..(⌠..#.#########
#.#.###.................))).#


You could see an acid dragon (catching breath).

Vanquished Creatures
  An ice beast (D:6)
  2 phantoms
  A kobold brigand (D:7)
  A bullfrog (D:7)
  A necrophage (D:6)
  2 water moccasin zombies (Ossuary)
  3 scorpions (D:5)
  A wight (Ossuary)
  A bullfrog zombie (Ossuary)
  2 centaur zombies (Ossuary)
  5 hounds
  Crazy Yiuf (D:3)
  2 orc priests
  A gnoll bouda (D:4)
  Jessica (D:3)
  3 scorpion zombies (Ossuary)
  2 iguanas
  7 orc wizards
  An ogre zombie (Ossuary)
  5 gnolls (D:4)
  12 adders
  2 shadow imps
  2 white imps (D:6)
  2 ufetubi (D:6)
  A worm zombie (D:4)
  3 adder zombies (Ossuary)
  A worm (D:2)
  5 dart slugs
  18 orcs
  4 bats
  7 endoplasms
  2 giant cockroaches
  7 hobgoblins
  6 jackals
  13 kobolds
  5 quokkas
  4 ball pythons
  8 frilled lizards
  2 gnoll zombies (Ossuary)
  5 goblins
  3 goblin zombies (Ossuary)
  6 hobgoblin zombies (Ossuary)
  2 orc zombies (Ossuary)
  8 rats
171 creatures vanquished.

Notes
Turn   | Place    | Note
-------+----------+-------------------------------------------
     0 | D:1      | KennySheep the Formicid Fighter began the quest for the
                  | Orb.
     0 | D:1      | Reached XP level 1. HP: 18/18 MP: 1/1
    44 | D:1      | Reached XP level 2. HP: 22/24 MP: 2/2
   271 | D:1      | Found a faded altar of an unknown god.
   304 | D:1      | Prayed at the altar of an unknown god.
   304 | D:1      | Became a worshipper of Warmaster Okawaru
   304 | D:1      | Reached * piety under Okawaru
   400 | D:1      | Reached XP level 3. HP: 28/29 MP: 3/3
   816 | D:2      | Reached XP level 4. HP: 31/37 MP: 4/4
   847 | D:2      | Reached skill level 1 in Invocations
  1411 | D:3      | Found a hazy altar of Hepliaklqana.
  1413 | D:3      | Found a sparkling altar of Nemelex Xobeh.
  1418 | D:3      | Found a shimmering altar of Xom.
  1543 | D:3      | Reached XP level 5. HP: 42/42 MP: 4/6
  1767 | D:3      | You fall into a shaft and drop 3 floors!
  1861 | D:5      | Entered Level 5 of the Dungeon
  1899 | D:4      | Found a sand-covered staircase.
  2006 | Ossuary  | Entered an ossuary
  2036 | Ossuary  | Reached skill level 5 in Shields
  2036 | Ossuary  | Reached XP level 6. HP: 39/48 MP: 7/7
  2064 | Ossuary  | Reached ** piety under Okawaru
  2227 | Ossuary  | Reached XP level 7. HP: 36/55 MP: 7/9
  2534 | Ossuary  | Noticed a silent spectre
  2537 | Ossuary  | Upgraded the game from 0.30-a0-782-ge64f9170bb to
                  | 0.30-a0-799-g109b55a442
  2714 | D:4      | Reached skill level 5 in Axes
  2727 | D:4      | Reached skill level 5 in Armour
  2891 | D:4      | Reached XP level 8. HP: 55/61 MP: 10/10
  2943 | D:4      | Reached skill level 5 in Fighting
  3224 | D:3      | Found a shimmering blue altar of Sif Muna.
  3330 | D:3      | Noticed Jessica
  3335 | D:3      | Killed Jessica
  3538 | D:3      | Found a runed translucent door.
  3541 | D:3      | Noticed Crazy Yiuf
  3568 | D:3      | Killed Crazy Yiuf
  4144 | D:5      | Reached *** piety under Okawaru
  4921 | D:6      | Reached XP level 9. HP: 69/69 MP: 12/12
  5543 | D:6      | Reached skill level 5 in Invocations
  5713 | D:7      | Found Wydimuck's Book Emporium.
  5724 | D:7      | Found Jugh's Antique Weapon Shoppe.
  5742 | D:7      | Bought a polished mace for 232 gold pieces
  5742 | D:7      | Identified the +4 mace of Doom {antimagic, rPois rC+ Str+3}
                  | (You bought it in a shop on level 7 of the Dungeon)
  5748 | D:7      | Found Mepof's Weapon Shop.
  5768 | D:7      | Found a staircase to the Ecumenical Temple.
  5847 | D:7      | Killed from afar by an acid dragon

Illustrated notes

Levels and vault maps discovered:
D:1:      nzn_arrival_depleted_hourglass, layout_basic,
          shapermc_ecumenical_altar_venn, serial_rivers,
          chequers_serial_rivers_micro_b, chequers_serial_rivers_room_a,
          chequers_serial_rivers_small_b, chequers_serial_rivers_large_a,
          chequers_serial_rivers_micro_e, minmay_cut_off
D:2:      layout_basic, moated_statue
D:3:      kb_forest_paths, layout_basic, mainiacjoe_overflow_six_doors_small,
          grunt_temple_overflow_open, uniq_crazy_yiuf_cottage, uniq_jessica
D:4:      layout_cave_pools, enter_ossuary_3
D:5:      layout_basic
D:6:      layout_loops_ring, kennysheep_generic_room_10
D:7:      layout_loops_ring, vehumet_crystals,
          lemuel_zombie_altar_kikubaaqudgha, minmay_temple_entry_large_hall,
          serial_shops, shop, shop_scrolls, shop, nicolae_shop_waterfront,
          nicolae_shop_hallway_stairs

Skill      XL: |  1  2  3  4  5  6  7  8  9 |
---------------+----------------------------+-----
Invocations    | 1 2 3 4 5 |  5.2
Axes           | 3 4 5 6 7 |  7.0
Fighting       | 4 5 6 |  6.0
Armour         | 4 5 6 |  6.1
Shields        | 5 6 7 |  7.3

Action                     |  1- 3 |  4- 6 |  7- 9 || total
---------------------------+-------+-------+-------++-------
  Melee: War axe           |    87 |   187 |   316 ||   590
 Invoke: Heroism           |       |       |     1 ||     1
    Use: Scroll            |       |     7 |     4 ||    11
         Potion            |       |       |     4 ||     4
 Armour: Scale mail        |    40 |   103 |   144 ||   287
  Dodge: Dodged            |    44 |    72 |   137 ||   253
  Block: Buckler           |    20 |    54 |    89 ||   163

Table legend: (Time is in decaauts)
 A = Elapsed time spent in this place.
 B = Non-inter-level travel time spent in this place.
 C = Inter-level travel time spent in this place.
 D = Time resting spent in this place.
 E = Time spent auto-exploring this place.
 F = Levels seen in this place.
 G = Mean time per level.
                   A        B        C        D        E       F      G
               +--------+--------+--------+--------+--------+-----+--------+
         Total |   6028 |   5835 |    193 |    491 |   3811 |   8 |  753.5 |
       Dungeon |   5426 |   5233 |    193 |    149 |   3783 |   7 |  775.1 |
       Ossuary |    602 |    602 |      0 |    342 |     28 |   1 |  602.0 |
               +--------+--------+--------+--------+--------+-----+--------+

Top non-repeatable levels by time:
     D:3: 1119 daAuts
     D:6: 969 daAuts
     D:4: 969 daAuts
     D:5: 759 daAuts
     D:1: 737 daAuts
     D:2: 732 daAuts
 Ossuary: 602 daAuts
     D:7: 139 daAuts
